 Dungeon Crawl Stone Soup version 0.32-a0-411-g744942f433 (webtiles) character file.

Game seed: 7623971810398231702

26 Persephone the Shooter (level 3, -4/27 HPs)
             Began as a Coglin Hunter on Feb 20, 2024.
             Killed from afar by Natasha (5 damage)
             ... with a magic dart
             ... on level 2 of the Dungeon.
             The game lasted 00:01:03 (945 turns).

Persephone the Shooter (Coglin Hunter)               Turns: 945, Time: 00:01:03

Health: -4/27      AC:  3    Str: 11    XL:     3   Next: 8%
Magic:  3/3        EV: 12    Int:  8    God:
Gold:   21         SH:  0    Dex: 25    Spells: 2/2 levels left

rFire   . . .        d - +0 shortbow {Oskar}
rCold   . . .        (shield currently unavailable)
rNeg    . . .        c - +0 leather armour
rPois   .            (no helmet)
rElec   .            (no cloak)
rCorr   .            (no gloves)
SInv    .            (no boots)
Will    .....        (no amulet)
Stlth   ++           m - +6 ring of dexterity
HPRegen 0.24/turn    (no ring)
MPRegen 0.08/turn

%: no passive effects
@: revved
A: off-hand wielding, slow wielding, warmup strikes, legs shutdown
a: no special abilities


You were on level 2 of the Dungeon.
You visited 1 branch of the dungeon, and saw 2 of its levels.

You collected 21 gold pieces.

Inventory:

Hand Weapons
 a - a +0 shortbow {Gyeongja}
 d - a +0 shortbow (weapon) {Oskar}
Missiles
 f - a throwing net
Armour
 c - a +0 leather armour (worn)
Jewellery
 m - a +6 ring of dexterity (left grasper)
Scrolls
 b - a scroll of butterflies
 e - a scroll of vulnerability {unknown}
 g - a scroll of noise {unknown}
 k - a scroll of teleportation {unknown}
 l - a scroll of fog {unknown}
Potions
 h - a potion of curing {unknown}
 i - a potion of magic {unknown}
 j - 2 potions of resistance {unknown}


   Skills:
 - Level 2.0 Fighting
 + Level 4.3 Ranged Weapons
 - Level 1.8 Dodging
 - Level 0.9 Stealth


You had 2 spell levels left.
You didn't know any spells.
Your spell library was empty.

Dungeon Overview and Level Annotations

Branches:
Dungeon (2/15)

Altars:

Annotations:
D:2 Natasha


Innate Abilities, Weirdness & Mutations

You can wield a second weapon in your off-hand.
It takes a long time for you to wield or remove held weapons.
Your first few attacks do less damage.
Attacking and casting redirects power from your legs.


Message History

There is a stone staircase leading down here.
You climb downwards.
There is a stone staircase leading up here.
Natasha, Servant of Life and Death comes into view.
You shoot an arrow.
The arrow hits Natasha but does no damage.
Natasha hisses angrily.
Natasha claws you.
You shoot an arrow. The arrow misses Natasha.
Natasha closely misses you.
You shoot an arrow. The arrow barely misses Natasha.
Natasha claws you!
Lua - Auto Kill stopped.
Not in fighting shape.
Fire: d) +0 shortbow {Oskar}
Press: ? - help, Shift-Dir - straight line, f/p - Natasha
Aim: Natasha (61% to hit)
You shoot an arrow. The arrow hits Natasha.
Natasha is moderately wounded.
Natasha claws you!
* * * LOW HITPOINT WARNING * * *
Fire: d) +0 shortbow {Oskar}
Press: ? - help, Shift-Dir - straight line, f/p - Natasha
Aim: Natasha (moderately wounded, 61% to hit)
You shoot an arrow. The arrow hits Natasha!
Natasha is almost dead.
Natasha misses you.
Natasha wildly gestures.
Natasha glows brightly for a moment.
Natasha claws you.
* * * LOW HITPOINT WARNING * * *
Fire: d) +0 shortbow {Oskar}
Press: ? - help, Shift-Dir - straight line, f/p - Natasha
Aim: Natasha (almost dead, 61% to hit)
You shoot an arrow.
The arrow hits Natasha but does no damage.
Natasha is almost dead.
Natasha stares at you and mumbles some strange words.
The magic dart hits you.
You die...
Natasha curls up and begins to purr.

############
#..h........
#@# #.# #.#
#<# #.# #.#
#.# ..# ###


You could see Natasha.

Vanquished Creatures
  A dart slug (D:1)
  A ball python (D:1)
  4 endoplasms (D:1)
  A goblin (D:1)
  A hobgoblin (D:1)
  A quokka (D:1)
  3 kobolds (D:1)
  A rat (D:1)
13 creatures vanquished.

Notes
Turn   | Place    | Note
-------+----------+-------------------------------------------
     0 | D:1      | Persephone the Coglin Hunter began the quest for the Orb.
     0 | D:1      | Reached XP level 1. HP: 16/16 MP: 1/1
    98 | D:1      | Reached XP level 2. HP: 22/22 MP: 2/2
   330 | D:1      | Reached skill level 4 in Ranged Weapons
   910 | D:1      | Reached XP level 3. HP: 27/27 MP: 3/3
   939 | D:2      | Noticed Natasha
   944 | D:2      | HP: 1/27 [Natasha (5)]
   945 | D:2      | Killed from afar by Natasha

Illustrated notes

Levels and vault maps discovered:
D:1:      minmay_arrival_wavy_path, layout_basic
D:2:      layout_loops_ring, basic_altar, minmay_misc_feat_rows, uniq_terence,
          uniq_natasha

Skill      XL: |  1  2 |
---------------+-------+-----
Ranged Weapons | 4 |  4.3
Fighting       | |  2.0
Dodging        | |  1.8
Stealth        | |  0.9

Action                     || total
---------------------------++-------
   Fire: Shortbow          ||    42
 Armour: Leather armour    ||    10
  Dodge: Dodged            ||     9

Table legend: (Time is in decaauts)
 A = Elapsed time spent in this place.
 B = Non-inter-level travel time spent in this place.
 C = Inter-level travel time spent in this place.
 D = Time resting spent in this place.
 E = Time spent auto-exploring this place.
 F = Levels seen in this place.
 G = Mean time per level.
                   A        B        C        D        E       F      G
               +--------+--------+--------+--------+--------+-----+--------+
         Total |    954 |    870 |     84 |      0 |    772 |   2 |  477.0 |
       Dungeon |    954 |    870 |     84 |      0 |    772 |   2 |  477.0 |
               +--------+--------+--------+--------+--------+-----+--------+

Top non-repeatable levels by time:
     D:1: 943 daAuts
     D:2: 10 daAuts
